 Dungeon Crawl Stone Soup version 0.29.0-13-gc9e81de378 (webtiles) character file.

Game seed: 3279371947078374696

23618 Ijustatesigmund the Thaumaturge (level 13, -2/98 HPs)
             Began as a Gnoll Earth Elementalist on Sept 7, 2022.
             Was an Elder of Cheibriados.
             Slain by Agnes
             ... wielding a +1 lajatang of electrocution
              (9 damage)
             ... on level 14 of the Dungeon.
             The game lasted 00:40:06 (15679 turns).

Ijustatesigmund the Thaumaturge (GnEE)             Turns: 15679, Time: 00:40:07

Health: -2/98      AC: 16    Str: 17    XL:     13   Next: 7%
Magic:  15/26      EV: 19    Int: 28    God:    Cheibriados [****..]
Gold:   875        SH:  5    Dex: 24    Spells: 21/31 levels left

rFire   . . .      SeeInvis .   e - +3 broad axe (vamp)
rCold   . . .      Faith    .   (no shield)
rNeg    . . .      Spirit   .   a - +0 troll leather armour {Pargi}
rPois   +          Reflect  +   d - +1 helmet
rElec   .          Harm     .   u - +1 cloak
rCorr   +          Rampage  .   (no gloves)
Will    .....                   c - +1 pair of boots
Stlth   +++++.....              O - amulet of Otoera {Reflect Dex+2 SH+5}
HPRegen 1.06/turn               h - +4 ring of protection
MPRegen 0.20/turn               z - ring of the Fortifying Traitor {rPois rCorr Slay+4}

@: very slow
A: fangs 1, strong nose, distributed training
a: Renounce Religion, Bend Time, Temporal Distortion, Slouch


You were on level 14 of the Dungeon.
You worshipped Cheibriados.
Cheibriados was greatly pleased with you.
You visited 2 branches of the dungeon, and saw 15 of its levels.
You also visited: Sewer.

You collected 875 gold pieces.

Inventory:

Hand Weapons
 e - a +3 vampiric broad axe (weapon)
 t - a +2 flail of holy wrath
Missiles
 A - a curare-tipped dart
 E - a throwing net
Armour
 a - a +0 troll leather armour (worn) {Pargi}
 c - a +1 pair of boots (worn)
 d - a +1 helmet (worn)
 u - a +1 cloak (worn)
Jewellery
 h - a +4 ring of protection (left hand)
 m - a ring of poison resistance
 n - a ring of willpower
 q - an amulet of regeneration
 z - the ring of the Fortifying Traitor (right hand) {rPois rCorr Slay+4}
   (You acquired it on level 13 of the Dungeon)

   [ring of slaying]

   Slay:      It affects your accuracy & damage with ranged weapons and melee
   (+4).
   rPois:     It protects you from poison.
   rCorr:     It protects you from acid and corrosion.
 F - a +4 ring of evasion
 I - an amulet of faith
 K - a ring of see invisible
 O - the amulet of Otoera (around neck) {Reflect Dex+2 SH+5}
   (You acquired it on level 13 of the Dungeon)

   [amulet of reflection]

   It reflects blocked missile attacks.
   Dex:       It affects your dexterity (+2).
   SH:        It affects your SH (+5).
Wands
 o - a wand of polymorph (1)
 s - a wand of digging (12)
 B - a wand of acid (2)
 D - a wand of charming (11)
 N - a wand of iceblast (2)
 Q - a wand of flame (8)
Scrolls
 f - 3 scrolls of poison
 g - 3 scrolls of teleportation
 k - a scroll of brand weapon
 l - 6 scrolls of identify
 v - 4 scrolls of amnesia
 x - 2 scrolls of fear
 y - 3 scrolls of magic mapping
 G - 3 scrolls of enchant armour
 J - a scroll of butterflies
Potions
 b - a potion of magic
 i - 7 potions of brilliance
 j - 12 potions of curing
 p - 2 potions of haste
 r - 2 potions of cancellation
 w - 2 potions of resistance
 C - 2 potions of lignification
 H - a potion of attraction
 M - a potion of mutation
 P - 2 potions of heal wounds
Miscellaneous
 R - a condenser vane


   Skills:
 + Level 8.2 Fighting
 + Level 8.2 Short Blades
 + Level 8.2 Long Blades
 + Level 8.2 Axes
 + Level 8.2 Maces & Flails
 + Level 8.2 Polearms
 + Level 8.2 Staves
 + Level 8.2 Ranged Weapons
 + Level 8.2 Throwing
 + Level 8.2 Armour
 + Level 9.5 Dodging
 + Level 9.3 Stealth
 + Level 8.2 Shields
 + Level 8.2 Unarmed Combat
 + Level 9.7 Spellcasting
 + Level 6.8 Conjurations
 + Level 6.8 Hexes
 + Level 6.8 Summonings
 + Level 6.8 Necromancy
 + Level 6.8 Translocations
 + Level 7.2 Transmutations
 + Level 6.8 Fire Magic
 + Level 6.8 Ice Magic
 + Level 6.8 Air Magic
 + Level 8.8 Earth Magic
 + Level 6.8 Poison Magic
 + Level 9.0 Invocations
 + Level 8.2 Evocations


You had 21 spell levels left.
You knew the following spells:

 Your Spells              Type           Power      Damage    Failure   Level
a - Sandblast             Erth           100%       2d20      1%          1
b - Stone Arrow           Conj/Erth      100%       3d13      1%          3
c - Passwall              Tmut/Erth      46%        N/A       1%          2
d - Petrify               Tmut/Erth      56%        N/A       1%          4

Your spell library contained the following spells:

 Spells                   Type           Power      Damage    Failure   Level
 Freeze                   Ice            100%       1d11      1%          1
 Necrotise                Necr           100%       1d9       1%          1
 Frozen Ramparts          Ice            100%       1d16      1%          3
 Gell's Gravitas          Tloc           51%        N/A       1%          3
 Lesser Beckoning         Tloc           51%        N/A       1%          3
 Teleport Other           Tloc           51%        N/A       1%          3
 Vampiric Draining        Necr           51%        2d9       1%          3
 Animate Armour           Summ/Erth      100%       N/A       1%          4
 Hailstorm                Conj/Ice       51%        3d11      2%          4
 Agony                    Necr           51%        N/A       8%          5
 Dispersal                Tloc           25%        N/A       41%         6
 Lehudib's Crystal Spear  Conj/Erth      27%        10d7      100%        8


Dungeon Overview and Level Annotations

Branches:
Dungeon (14/15)            Temple (1/1) D:5            Lair (0/5) D:9
    Orc (0/2) D:12         Vaults (0/5) D:13          Sewer (visited)

Altars:
Ashenzari
Cheibriados
Dithmenos
Elyvilon
Fedhas
Gozag
Hepliaklqana
Kikubaaqudgha
Makhleb
Nemelex Xobeh
Okawaru
Qazlal
Ru
Sif Muna
Trog
Uskayaw
Vehumet
Wu Jian
Xom
Yredelemnul
Zin
The Shining One

Shops:
D:8 :   D:9 [

Annotations:
D:14 Agnes


Innate Abilities, Weirdness & Mutations

You have very sharp teeth.
Your uncanny sense of smell can sniff out nearby items.
Your experience applies equally to all skills.


Message History

You can now step out of the flow of time.
Cheibriados raises the support of your attributes as your movement slows.
Your Invocations skill increases to level 9!
No target in view!
No target in view!
No target in view!
HP restored.
You see here a +0 giant spiked club.
r - 2 potions of cancellation (gained 1) Agnes the Wanderer comes into view.
She is wielding a +1 lajatang of electrocution.
Agnes hits you with a +1 lajatang of electrocution!
You are electrocuted!!
Agnes hits you with a +1 lajatang of electrocution!!
You are too injured to fight recklessly!
You are too injured to fight recklessly!
Activating: Slouch (3% risk of failure)
Press: ? - help, Dir - look around, f - activate You can feel time thicken for a moment.
You can no longer step out of the flow of time.
Cheibriados lowers the support of your attributes as your movement quickens.
Agnes misses you. Agnes completely misses you.
Casting: Stone Arrow (safe; 1% risk of failure)
Confirm with . or Enter, or press ? or * to list all spells.
Aiming: Stone Arrow (safe; 1% risk of failure)
Press: ? - help, Shift-Dir - straight line, f - Agnes
Aim: Agnes, wielding a +1 lajatang of electrocution and wearing a +0 robe (heavily wounded, 50% to hit)
The stone arrow misses Agnes.
Agnes misses you.
Casting: Stone Arrow (safe; 1% risk of failure)
Confirm with . or Enter, or press ? or * to list all spells.
Aiming: Stone Arrow (safe; 1% risk of failure)
Press: ? - help, Shift-Dir - straight line, f/p - Agnes
Aim: Agnes, wielding a +1 lajatang of electrocution and wearing a +0 robe (heavily wounded, 50% to hit)
The stone arrow hits Agnes!!
Agnes is severely wounded.
Agnes hits you with a +1 lajatang of electrocution!!
* * * LOW HITPOINT WARNING * * *
Agnes hits you with a +1 lajatang of electrocution!
* * * LOW HITPOINT WARNING * * *
You are electrocuted!
You die...

..........#
######.#..########
##............
######...........##
#......#.#######.#
.####...# ##.##
#.#####.. #@......#
#i####### #.# #.#
#.# #.. ..# ...


You could see Agnes.

Vanquished Creatures
  Jorgrun (D:14)
  Snorg (D:10)
  A hydra (D:12)
  2 boulder beetles
  5 two-headed ogres
  Urug (D:10)
  3 skeletal warriors (D:13)
  Pikel (D:5)
  2 ugly things
  2 cyclopes (D:12)
  An unseen horror (D:12)
  A gargoyle (D:12)
  An efreet (D:13)
  A komodo dragon (D:10)
  2 yaktaurs (D:13)
  3 trolls
  Prince Ribbit (D:9)
  A slime creature (D:12)
  2 shadows
  A vampire (D:13)
  Sigmund (D:4)
  2 wraiths
  2 wyverns (D:9)
  17 yaks
  A basilisk (D:11)
  Grum (D:8)
  A steam dragon (D:9)
  2 acid dragons
  6 water moccasins
  2 orc warriors
  Pargi (Sewer)
  2 sky beasts (D:8)
  An ice beast (D:5)
  2 black bears
  2 ogres
  4 centaurs
  4 wolves (D:8)
  2 phantoms
  2 kobold brigands
  5 bullfrogs
  6 scorpions
  6 wights
  9 killer bees
  5 howler monkeys
  A jelly (D:5)
  4 hounds
  8 orc priests
  Crazy Yiuf (D:4)
  Ijyb (D:4)
  2 iguanas
  Natasha (thrice) (D:2)
  7 orc wizards
  4 gnolls (D:5)
  7 adders
  A white imp (D:5)
  An ufetubus (D:5)
  3 worms
  2 dart slugs
  29 orcs
  7 bats
  5 endoplasms
  6 giant cockroaches
  10 hobgoblins
  15 kobolds
  5 quokkas
  10 ball pythons
  8 frilled lizards
  10 goblins
  4 rats
273 creatures vanquished.

Vanquished Creatures (collateral kills)
  Nergalle (D:11)
1 creature vanquished.

Vanquished Creatures (others)
  A deep elf pyromancer (D:13)
  A kobold demonologist (D:12)
  41 fungi (D:9)
  52 plants (D:9)
95 creatures vanquished.

Grand Total: 369 creatures vanquished

Notes
Turn   | Place    | Note
-------+----------+-------------------------------------------
     0 | D:1      | Ijustatesigmund the Gnoll Earth Elementalist began the
                  | quest for the Orb.
     0 | D:1      | Reached XP level 1. HP: 13/13 MP: 6/6
   181 | D:1      | Found a faded altar of an unknown god.
   200 | D:1      | Reached XP level 2. HP: 19/19 MP: 7/7
   900 | D:2      | Reached skill level 5 in Spellcasting
   900 | D:2      | Reached XP level 3. HP: 23/25 MP: 3/9
   926 | D:2      | Reached skill level 1 in Invocations
  1003 | D:2      | Reached skill level 1 in Fighting
  1003 | D:2      | Reached skill level 1 in Short Blades
  1003 | D:2      | Reached skill level 1 in Long Blades
  1003 | D:2      | Reached skill level 1 in Axes
  1003 | D:2      | Reached skill level 1 in Maces & Flails
  1003 | D:2      | Reached skill level 1 in Polearms
  1003 | D:2      | Reached skill level 1 in Staves
  1003 | D:2      | Reached skill level 1 in Ranged Weapons
  1003 | D:2      | Reached skill level 1 in Throwing
  1003 | D:2      | Reached skill level 1 in Armour
  1003 | D:2      | Reached skill level 1 in Shields
  1003 | D:2      | Reached skill level 1 in Unarmed Combat
  1003 | D:2      | Reached skill level 1 in Evocations
  1094 | D:2      | Noticed a scorpion
  1105 | D:2      | Learned a level 3 spell: Stone Arrow
  1108 | D:2      | Learned a level 2 spell: Passwall
  1205 | D:2      | Reached XP level 4. HP: 32/32 MP: 9/11
  1364 | D:2      | Killed a scorpion
  1364 | D:2      | HP: 1/32 [poisoned by a scorpion]
  1365 | D:2      | Reached skill level 1 in Conjurations
  1365 | D:2      | Reached skill level 1 in Hexes
  1365 | D:2      | Reached skill level 1 in Summonings
  1365 | D:2      | Reached skill level 1 in Necromancy
  1365 | D:2      | Reached skill level 1 in Translocations
  1365 | D:2      | Reached skill level 1 in Fire Magic
  1365 | D:2      | Reached skill level 1 in Ice Magic
  1365 | D:2      | Reached skill level 1 in Air Magic
  1365 | D:2      | Reached skill level 1 in Poison Magic
  1365 | D:2      | Reached XP level 5. HP: 1/37 MP: 2/12
  1631 | D:2      | Noticed Natasha
  1635 | D:2      | Found a radiant altar of Vehumet.
  1640 | D:2      | Killed Natasha
  1677 | D:2      | Noticed Natasha
  1680 | D:2      | Killed Natasha
  1785 | D:2      | Noticed Natasha
  1793 | D:2      | Killed Natasha
  2436 | D:3      | Reached XP level 6. HP: 44/44 MP: 13/13
  2626 | D:3      | Found a basalt altar of Yredelemnul.
  2652 | D:3      | Found a shadowy altar of Dithmenos.
  2723 | D:3      | Reached skill level 5 in Dodging
  3113 | D:3      | Learned a level 4 spell: Petrify
  4015 | D:4      | Reached XP level 7. HP: 48/51 MP: 15/15
  4127 | D:4      | Noticed Sigmund
  4149 | D:4      | Killed Sigmund
  4150 | D:4      | Reached skill level 5 in Stealth
  4672 | D:4      | Noticed Ijyb
  4679 | D:4      | Killed Ijyb
  4946 | D:4      | Found a runed translucent door.
  4947 | D:4      | Noticed Crazy Yiuf
  4951 | D:4      | Killed Crazy Yiuf
  5005 | D:5      | Entered Level 5 of the Dungeon
  5149 | D:5      | Reached XP level 8. HP: 29/58 MP: 12/16
  5274 | D:5      | Found a staircase to the Ecumenical Temple.
  5373 | D:5      | Found a glowing drain.
  5380 | Sewer    | Entered a sewer
  5555 | Sewer    | Noticed Pargi
  5559 | Sewer    | Killed Pargi
  6245 | D:5      | Noticed Pikel
  6253 | D:5      | Killed Pikel
  6254 | D:5      | Reached XP level 9. HP: 56/65 MP: 5/18
  6274 | Temple   | Entered the Ecumenical Temple
  6471 | Temple   | Became a worshipper of Cheibriados the Contemplative
  7797 | D:7      | Reached skill level 5 in Invocations
  7801 | D:7      | Reached * piety under Cheibriados
  8909 | D:8      | Reached skill level 5 in Fighting
  8909 | D:8      | Reached skill level 5 in Short Blades
  8909 | D:8      | Reached skill level 5 in Long Blades
  8909 | D:8      | Reached skill level 5 in Axes
  8909 | D:8      | Reached skill level 5 in Maces & Flails
  8909 | D:8      | Reached skill level 5 in Polearms
  8909 | D:8      | Reached skill level 5 in Staves
  8909 | D:8      | Reached skill level 5 in Ranged Weapons
  8909 | D:8      | Reached skill level 5 in Throwing
  8909 | D:8      | Reached skill level 5 in Armour
  8909 | D:8      | Reached skill level 5 in Shields
  8909 | D:8      | Reached skill level 5 in Unarmed Combat
  8909 | D:8      | Reached skill level 5 in Evocations
  8909 | D:8      | Reached XP level 10. HP: 74/74 MP: 16/20
  9016 | D:8      | Noticed Grum
  9042 | D:8      | Killed Grum
  9043 | D:8      | Reached ** piety under Cheibriados
  9250 | D:8      | Found Didaxag's Book Shop.
  9322 | D:8      | Found a sparkling altar of Nemelex Xobeh.
  9833 | D:8      | Identified a scroll of acquirement
  9833 | D:8      | Acquired a +1 vampiric broad axe
  9889 | D:9      | Reached skill level 5 in Transmutations
 10034 | D:9      | Reached *** piety under Cheibriados
 10147 | D:9      | Found Li Ji's Dragon-Slaying Spoils.
 10228 | D:9      | Found a staircase to the Lair.
 10328 | D:9      | Reached skill level 5 in Conjurations
 10328 | D:9      | Reached skill level 5 in Hexes
 10328 | D:9      | Reached skill level 5 in Summonings
 10328 | D:9      | Reached skill level 5 in Necromancy
 10328 | D:9      | Reached skill level 5 in Translocations
 10328 | D:9      | Reached skill level 5 in Fire Magic
 10328 | D:9      | Reached skill level 5 in Ice Magic
 10328 | D:9      | Reached skill level 5 in Air Magic
 10328 | D:9      | Reached skill level 5 in Poison Magic
 10334 | D:9      | Reached XP level 11. HP: 81/81 MP: 22/22
 10390 | D:9      | Noticed Prince Ribbit
 10403 | D:9      | Killed Prince Ribbit
 10874 | D:10     | Entered Level 10 of the Dungeon
 10999 | D:10     | Noticed a two-headed ogre
 11027 | D:10     | Killed a two-headed ogre
 11087 | D:10     | Noticed Snorg
 11137 | D:10     | Killed Snorg
 11546 | D:10     | Noticed a two-headed ogre
 11556 | D:10     | Killed a two-headed ogre
 11736 | D:10     | Reached **** piety under Cheibriados
 11809 | D:10     | Found a shimmering blue altar of Sif Muna.
 12082 | D:11     | Noticed Urug
 12264 | D:10     | Killed Urug
 12571 | D:11     | Noticed Nergalle
 12791 | D:11     | Noticed a boulder beetle
 12817 | D:11     | Killed Nergalle
 12818 | D:11     | Reached XP level 12. HP: 53/89 MP: 24/24
 12989 | D:11     | Killed a boulder beetle
 13231 | D:12     | Found a staircase to the Orcish Mines.
 13341 | D:12     | Noticed a seven-headed hydra
 13358 | D:12     | Killed a seven-headed hydra
 13472 | D:12     | Noticed a two-headed ogre
 13482 | D:12     | Killed a two-headed ogre
 14224 | D:13     | Noticed a boulder beetle
 14353 | D:13     | Noticed a boulder beetle
 14368 | D:13     | Killed a boulder beetle
 14387 | D:13     | Noticed a two-headed ogre
 14737 | D:13     | Acquired the amulet of Otoera {Reflect Dex+2 SH+5}
 14878 | D:13     | Killed a two-headed ogre
 14885 | D:13     | Found a gate to the Vaults.
 15047 | D:13     | HP: 2/92 [skeletal warrior/+0 long sword (15)]
 15092 | D:13     | Noticed a yaktaur captain
 15315 | D:14     | Noticed Jorgrun
 15334 | D:14     | Killed Jorgrun
 15335 | D:14     | Reached XP level 13. HP: 77/98 MP: 26/26
 15549 | D:13     | Acquired the ring of the Fortifying Traitor {rPois rCorr
                  | Slay+4}
 15596 | D:14     | Reached ***** piety under Cheibriados
 15675 | D:14     | Noticed Agnes
 15679 | D:14     | Slain by Agnes

Illustrated notes

Levels and vault maps discovered:
D:1:      dpeg_arrival_tiny_i, layout_basic, serial_forest,
          infiniplex_forest_lined_corner, infiniplex_forest_lined_3_way,
          infiniplex_forest_lined_room_, infiniplex_forest_lined_2,
          infiniplex_forest_clump_tiny, infiniplex_forest_lined_2,
          infiniplex_forest_corner_2, infiniplex_forest_clump_long,
          chequers_ecumenical_altar_simple, chequers_serial_rivers_room_a,
          minivault_25, minmay_split_cup_large
D:2:      layout_loops_ring, basic_altar, corexii_hall_statues_t, uniq_natasha
D:3:      layout_loops_ring, mainiacjoe_overflow_catwalk_spiral,
          solitary_fountain, guppyfry_early_orc_mine
D:4:      layout_cave_pods, uniq_sigmund, uniq_ijyb, uniq_crazy_yiuf_cottage
D:5:      layout_basic, minmay_temple_entry_statues_pillars,
          portal_sewer_entry_b, grunt_ministairs_10, uniq_pikel
D:6:      black_bear_nest_1, layout_loops_ring
D:7:      hellmonk_ruined_rings, layout_rooms
D:8:      layout_basic, mainiacjoe_overflow_catwalk, serial_shops, shop,
          mrwooster_statue_mirror, uniq_grum
D:9:      layout_loops_ring, due_lair_maze_entry_diamond,
          nicolae_shop_dragon_depot, uniq_prince_ribbit1
D:10:     layout_basic, kennysheep_orc_sif_temple, nrook_mini_vaults,
          minivault_25_ag, evilmike_minifort, uniq_snorg
D:11:     layout_rooms, uniq_urug, uniq_nergalle
D:12:     layout_gridville, orc_0_dummy, roderic_lattice_a, minmay_between
D:13:     layout_rooms, david_vaults_2
D:14:     layout_loops_ring, uniq_agnes, uniq_jorgrun
Temple:   mainiacjoe_temple_coin_purse

Skill      XL: |  1  2  3  4  5  6  7  8  9 10 11 12 13 |
---------------+----------------------------------------+-----
Transmutations | 2 3 4 5 6 7 |  7.2
Spellcasting   | 5 6 7 8 9 |  9.7
Invocations    | 1 2 3 4 5 6 7 8 9 |  9.0
Fighting       | 1 2 3 4 5 6 7 8 |  8.2
Short Blades   | 1 2 3 4 5 6 7 8 |  8.2
Long Blades    | 1 2 3 4 5 6 7 8 |  8.2
Axes           | 1 2 3 4 5 6 7 8 |  8.2
Maces & Flails | 1 2 3 4 5 6 7 8 |  8.2
Polearms       | 1 2 3 4 5 6 7 8 |  8.2
Staves         | 1 2 3 4 5 6 7 8 |  8.2
Ranged Weapons | 1 2 3 4 5 6 7 8 |  8.2
Throwing       | 1 2 3 4 5 6 7 8 |  8.2
Armour         | 1 2 3 4 5 6 7 8 |  8.2
Shields        | 1 2 3 4 5 6 7 8 |  8.2
Unarmed Combat | 1 2 3 4 5 6 7 8 |  8.2
Evocations     | 1 2 3 4 5 6 7 8 |  8.2
Conjurations   | 1 2 3 4 5 6 |  6.8
Hexes          | 1 2 3 4 5 6 |  6.8
Summonings     | 1 2 3 4 5 6 |  6.8
Necromancy     | 1 2 3 4 5 6 |  6.8
Translocations | 1 2 3 4 5 6 |  6.8
Fire Magic     | 1 2 3 4 5 6 |  6.8
Ice Magic      | 1 2 3 4 5 6 |  6.8
Air Magic      | 1 2 3 4 5 6 |  6.8
Poison Magic   | 1 2 3 4 5 6 |  6.8
Dodging        | 5 6 7 8 9 |  9.5
Stealth        | 5 6 7 8 9 |  9.3
Earth Magic    | 6 7 8 |  8.8

Action                   |  1- 3 |  4- 6 |  7- 9 | 10-12 | 13-15 || total
-------------------------+-------+-------+-------+-------+-------++-------
Melee: Dagger            |     2 |       |       |       |       ||     2
       Whip              |       |   108 |    57 |       |       ||   165
       Bite              |       |    18 |    13 |   122 |     1 ||   154
       Punch             |       |     2 |     2 |    41 |       ||    45
       Flail             |       |       |    47 |    36 |       ||    83
       Broad axe         |       |       |       |   645 |     9 ||   654
       Unarmed           |       |       |       |     3 |       ||     3
 Cast: Sandblast         |    28 |    46 |    54 |     1 |       ||   129
       Stone Arrow       |       |     4 |    58 |    35 |     2 ||    99
       Passwall          |       |       |     2 |     3 |       ||     5
       Petrify           |       |       |       |    14 |       ||    14
Invok: Slouch            |       |       |       |     1 |     1 ||     2
Evoke: Wand              |       |       |       |     5 |       ||     5
  Use: Scroll            |     4 |    13 |     5 |    18 |     1 ||    41
       Potion            |       |     1 |     2 |     4 |       ||     7
 Stab: Sleeping          |     2 |     4 |     2 |    13 |       ||    21
       Petrified         |       |       |       |    29 |       ||    29
       Invisible         |       |       |       |     2 |       ||     2
       Distracted        |       |       |       |     1 |       ||     1
       Petrifying        |       |       |       |     1 |       ||     1
Armor: Robe              |       |    22 |       |       |       ||    22
       Leather armour    |       |     7 |    25 |       |       ||    32
       Troll leather arm |       |       |    57 |   227 |     1 ||   285
Dodge: Dodged            |     1 |    84 |   158 |   912 |    11 ||  1166
Block: Other             |       |       |       |    20 |     1 ||    21
       Reflection        |       |       |       |     1 |       ||     1
